Map: Lerilak Crest

Players

Javert - Winner!

  • Race: Zerg Zerg
  • League: Gold

Crixus

  • Race: Terran Terran
  • League: Gold

VOD

Have the link to the VOD?

Description

Time

  • Played on: Sept. 5, 2015, 10:18 p.m.
  • Length: 11:50
Show
View Real Time Build Order
Export as new Build Order

Javert Zerg - Winner!

Build Orders: Hatch First 

Get SALT Encoding   

  12  0:01  Drone  
  13  0:13  Overlord  
  13  0:18  Drone  
  14  0:33  Drone x2  
  16  0:36  Drone  
  17  0:51  Drone  
  18  0:57  Hatchery  
  18  0:59  Extractor  
  18  1:00  Drone  
  17  1:08  Drone  
  18  1:21  Spawning Pool  
  18  1:24  Drone  
  18  1:31  Drone  
  19  1:42  Drone  
  20  1:57  Drone  
  21  2:10  Metabolic Boost  
  21  2:11  Queen  
  21  2:12  Queen  
  25  2:16  Overlord  
  25  2:19  Drone x2  
  27  2:23  Zergling x2  
  28  2:35  Zergling x2  
  28  2:36  Zergling x4  
  31  2:45  Drone x2  
  31  2:47  Queen  
  35  2:55  Drone  
  36  3:07  Overlord  
  36  3:22  Overlord  
  36  3:27  Zergling x2  
  36  3:28  Zergling x14  
  36  3:31  Overlord  
  44  3:42  Zergling x4  
  44  3:46  Hatchery  
  45  3:56  Drone x2  
  45  3:57  Drone x5  
  50  4:15  Drone  
  50  4:16  Drone x2  
  53  4:28  Drone x4  
  56  4:31  Drone x3  
  56  4:37  Extractor  
  58  4:39  Extractor  
  58  4:42  Lair, Drone x2  
  58  4:45  Extractor  
  58  4:49  Overlord  
  58  4:52  Baneling Nest  
  57  5:08  Overlord x2  
  57  5:09  Drone x7  
  57  5:12  Overlord  
  64  5:24  Overlord  
  64  5:29  Evolution Chamber  
  64  5:31  Evolution Chamber, Baneling Nest  
  64  5:32  Drone x2  
  64  5:33  Drone x8  
  64  5:34  Drone  
  72  5:39  Centrifical Hooks  
  73  5:44  Zergling x2  
  73  5:45  Zergling x4  
  76  5:50  Spore Crawler, Overseer x2  
  76  5:51  Spine Crawler  
  74  6:00  Zergling x14  
  74  6:01  Zergling x2  
  82  6:06  Baneling  
  82  6:07  Baneling x4  
  82  6:08  Baneling  
  82  6:13  Spine Crawler  
  82  6:15  Spine Crawler, Baneling x10  
  76  6:39  Zergling x22  
  91  6:40  Zergling x8  
  89  6:58  Extractor  
  89  6:59  Drone x2  
  89  7:00  Drone x2  
  89  7:01  Extractor  
  89  7:03  Overlord  
  89  7:04  Overlord  
  89  7:05  Zerg Ground Armor Level 1, Zerg Melee Weapons Level 1  
  89  7:10  Spire  
  89  7:26  Zergling x2  
  89  7:27  Zergling x20  
  89  7:35  Hatchery  
  89  7:37  Spore Crawler  
  89  7:39  Spine Crawler  
  89  7:40  Spine Crawler  
  89  7:43  Drone x8  
  89  7:54  Queen  
  89  7:59  Drone x4  
  89  8:00  Drone  
  89  8:02  Pneumatized Carapace  
  89  8:06  Drone x3  
  89  8:07  Drone x2  
  89  8:26  Overlord  
  89  8:27  Overlord x2  
  89  8:28  Zerg Flyer Weapons Level 1  
  89  8:59  Drone x5  
  89  9:00  Drone x4  
  89  9:03  Zerg Ground Armor Level 2, Overlord, Zerg Melee Weapons Level 2, Hatchery, Extractor  
  89  9:05  Extractor  
  89  9:09  Infestation Pit  
  89  9:15  Hatchery, Extractor  
  89  9:17  Baneling  
  89  9:18  Baneling x19  
  89  9:19  Extractor, Baneling x12  
  89  9:20  Baneling  
  89  9:21  Baneling x2  
  89  9:22  Baneling x2  
  89  9:23  Baneling  
  89  9:24  Baneling x2  
  89  9:25  Baneling  
  89  9:26  Baneling x2  
  89  9:27  Baneling x2  
  89  9:28  Baneling  
  89  9:29  Baneling x2  
  89  9:30  Baneling x2  
  89  9:31  Baneling  
  89  9:32  Baneling x3  
  89  9:33  Baneling  
  89  9:34  Baneling x2  
  89  9:35  Baneling  
  89  9:36  Baneling x2  
  89  9:37  Baneling x2  
  89  9:38  Baneling x2  
  89  9:39  Baneling  
  89  9:40  Baneling x2  
  89  9:41  Baneling x2  
  89  9:42  Baneling  
  89  9:43  Baneling x2  
  89  9:44  Baneling  
  89  9:49  Overlord x2  
  89  10:12  Overlord x2  
  89  10:13  Overlord x2  
Show
View Real Time Build Order
Export as new Build Order

Crixus Terran 

Build Orders: Command Center First (CC), MMM Bio 

Get SALT Encoding   

  12  0:01  SCV  
  13  0:13  SCV  
  14  0:19  Supply Depot  
  14  0:25  SCV  
  15  0:40  SCV  
  16  0:52  SCV  
  17  1:01  Command Center  
  17  1:04  SCV  
  18  1:16  SCV  
  19  1:20  Barracks  
  19  1:29  SCV  
  20  1:41  SCV, Barracks  
  21  1:54  SCV  
  21  2:06  SCV  
  22  2:09  Supply Depot, Refinery, Marine  
  23  2:18  SCV, Refinery  
  23  2:19  SCV, Bunker  
  25  2:31  SCV x2  
  27  2:38  Marine  
  27  2:43  SCV x2  
  30  2:53  Barracks Tech Lab  
  30  2:55  SCV x2  
  32  3:07  SCV, Factory  
  34  3:14  Orbital Command  
  33  3:25  SCV, Barracks  
  33  3:26  Barracks  
  34  3:31  Supply Depot  
  34  3:33  Stimpack  
  34  3:37  SCV  
  35  3:43  SCV, Factory  
  36  3:49  SCV  
  36  3:55  SCV  
  38  3:59  Starport  
  38  4:00  Factory Reactor  
  38  4:01  Marine x2  
  38  4:02  SCV  
  38  4:11  Marine  
  36  4:19  Marine x2  
  29  4:36  Marine  
  29  4:37  Marine  
  27  4:39  Hellion x2, Medivac  
  33  4:54  Marine  
  34  5:00  SCV  
  34  5:01  Hellion  
  37  5:08  Hellion  
  37  5:09  Medivac  
  37  5:12  SCV  
  42  5:22  SCV, Hellion  
  42  5:24  SCV  
  46  5:34  Combat Shields  
  46  5:42  Supply Depot  
  46  6:03  Medivac, Marine x2  
  46  6:04  SCV  
  51  6:09  Marine x2  
  53  6:16  SCV  
  53  6:17  Supply Depot x2  
  44  6:34  Marauder, Marine x3  
  44  6:36  Medivac  
  44  6:39  Widow Mine x2  
  43  6:56  Marauder  
  43  7:06  Medivac  
Tags
 
Add a new tag
Caveats
  • Supply blocks, unpowered buildings, or Contaminate may cause inaccurate times.
  • Supply counts are checked every 10 seconds.